 Dungeon Crawl Stone Soup version 0.29-a0-317-gd16b76e6b1 (webtiles) character file.

Game seed: 10342640838131726754

3328 Ajdolov the Grappler (level 9, -2/139 HPs)
             Began as a Troll Delver on Mar 31, 2022.
             Was a Believer of Ru.
             Slain by Erica
             ... wielding a +2 scimitar of flaming
              (3 damage)
             ... on level 8 of the Dungeon.
             The game lasted 00:08:53 (6287 turns).

Ajdolov the Grappler (Troll Delver)                 Turns: 6287, Time: 00:08:54

Health: -2/139     AC: 24    Str: 26    XL:     9   Next: 71%
Magic:  8/8        EV:  1    Int:  8    God:    Ru [**....]
Gold:   351        SH:  0    Dex: 11    Spells: 8/8 levels left

rFire   . . .      SeeInvis .     - Unarmed
rCold   . . .      Faith    .   (no shield)
rNeg    . . .      Spirit   .   (body armour currently unavailable)
rPois   +          Reflect  .   (helmet currently unavailable)
rElec   .          Harm     .   (cloak currently unavailable)
rCorr   .          Rampage  .   (gloves unavailable)
Will    +....      NoTele   +   (boots unavailable)
Stlth   ++........              (no amulet)
HPRegen 1.13/turn               j - ring of willpower
MPRegen 0.11/turn               y - ring of poison resistance

@: tree-form
A: stationary, stasis, torment immunity, boosted hp, large, unfitting armour,
(claws 3), regeneration 1, (shaggy fur 1), (tough skin 1), hated by all, clever
1
a: Renounce Religion


You were on level 8 of the Dungeon.
You worshipped Ru.
Ru was pleased with you.
You were a tree.
You visited 2 branches of the dungeon, and saw 9 of its levels.

You collected 351 gold pieces.

Inventory:

Missiles
 h - 7 poisoned darts (quivered)
Armour
 k - the +1 cloak of the Nightingale (melded) {Rampage Str+2}
   (You found it on level 5 of the Dungeon)

   Str:       It affects your strength (+2).
   Rampage:   It bestows one free step when moving towards enemies.
 F - a +0 robe of positive energy (melded)
Jewellery
 j - a ring of willpower (left branch)
 y - a ring of poison resistance (right branch)
 H - a ring of ice
Wands
 a - a wand of flame (15)
 f - a wand of digging (3)
Scrolls
 b - a scroll of fog
 c - 3 scrolls of magic mapping
 d - 2 scrolls of fear
 g - 13 scrolls of identify {unknown}
 l - 5 scrolls of teleportation {unknown}
 p - a scroll of vulnerability {unknown}
 r - a scroll of blinking {unknown}
 u - 3 scrolls of amnesia {unknown}
 v - a scroll of enchant armour {unknown}
 w - a scroll of acquirement {unknown}
 D - a scroll of noise {unknown}
 E - a scroll of enchant weapon {unknown}
Potions
 e - a potion of haste
 i - 2 potions of lignification
 m - 2 potions of mutation
 n - 3 potions of curing {unknown}
 o - a potion of might {unknown}
 q - a potion of heal wounds {unknown}
 s - 4 potions of cancellation {unknown}
 t - a potion of flight {unknown}
 x - 2 potions of degeneration {unknown}
 z - 2 potions of invisibility {unknown}
 A - a potion of resistance {unknown}
 B - a potion of experience {unknown}
 C - a potion of brilliance {unknown}
 G - a potion of berserk rage {unknown}


   Skills:
 + Level 7.2 Fighting
 - Level 1.5 Dodging
 - Level 2.7 Stealth
 * Level 11.4 Unarmed Combat


You had 8 spell levels left.
You didn't know any spells.
Your spell library contained the following spells:

 Spells                   Type           Power      Damage    Failure   Level
 Foxfire                  Conj/Fire      0%         2x1d4     41%         1
 Magic Dart               Conj           0%         1d3       41%         1
 Searing Ray              Conj           0%         2d4       54%         2
 Sublimation of Blood     Necr           0%         N/A       54%         2
 Conjure Flame            Conj/Fire      0%         6-21      78%         3
 Inner Flame              Hex/Fire       0%         N/A       78%         3
 Flame Wave               Conj/Fire      0%         2d4       99%         4
 Fulminant Prism          Conj/Hex       0%         3d6       99%         4
 Petrify                  Tmut/Erth      0%         N/A       99%         4
 Irradiate                Conj/Tmut      0%         3d13      100%        5


Dungeon Overview and Level Annotations

Branches:
Dungeon (8/15)             Temple (1/1) D:7
   Lair: D:8-11

Altars:
Cheibriados
Dithmenos
Elyvilon
Fedhas
Gozag
Hepliaklqana
Kikubaaqudgha
Makhleb
Nemelex Xobeh
Okawaru
Qazlal
Ru
Sif Muna
Trog
Uskayaw
Vehumet
Wu Jian
Xom
Yredelemnul
Zin
The Shining One

Shops:
D:5 (==

Annotations:
D:8 Erica


Innate Abilities, Weirdness & Mutations

You are a tree.
Your roots penetrate the ground, keeping you stationary.
You cannot be teleported.
You are immune to unholy pain and torment.
Your maximum health is greatly increased.
Your equipment is partially melded.
You are too large for most types of armour.
((You have claws for hands.))
Your natural rate of healing is unusually fast.
((You are covered in fur. (AC +1)))
((You have tough skin. (AC +1)))
You are hated by all.
Your mind is acute. (Int +2)


Message History

Something hits you. Something burns you.
You closely miss something. You closely miss something. You mangle something!!
Something hits you. Something burns you.
You miss something. Something hits you! Something burns you.
You mangle something!! Your claw misses something.
You hear the slow hiss of a very distant avalanche of sand.
Something hits you! Something burns you. Something hits you!
Something burns you.
You barely miss something. Your claw misses something.
You barely miss something. Something hits you. Something burns you.
You barely miss something.
You hear some strange, mumbled words.
A lance of force appears from out of thin air!
The lance of force hits you!
You are knocked back by the lance of force.
You slam into the stone wall!
* * * LOW HITPOINT WARNING * * *
Something hits you!
* * * LOW HITPOINT WARNING * * *
Something burns you.
* * * LOW HITPOINT WARNING * * *
Something hits you!
* * * LOW HITPOINT WARNING * * *
Something burns you.
* * * LOW HITPOINT WARNING * * *
You hear some strange, mumbled words.
Something tries to affect you, but you resist.
It was a potion of mutation.
You feel extremely strange.
You feel clever.
You hear some strange, mumbled words.
Something tries to affect you, but you resist.
It was a potion of lignification.
You turn into a tree.
The +1 cloak of the Nightingale {Rampage Str+2} melds into your body.
Your +0 robe of positive energy melds into your body.
You feel less protected from negative energy.
Your roots penetrate the ground.
Something hits you!
* * * LOW HITPOINT WARNING * * *
Something burns you.
You die...

.........##
..........#
###..##...#
#..##..## +.......#
.... .....#......##
#... #....#......##
##...##....#.......#
...........#...♣...#
..........##..##..##
..........##..#####
...........#...#
#...##...#
...##...##...#
#......(......#
..............#
######....#..##


There were no monsters in sight!

Vanquished Creatures
  Joseph (D:7)
  4 yaks (D:7)
  3 steam dragons
  2 sky beasts
  2 ice beasts
  An orc warrior (D:7)
  2 black bears
  An ogre (D:6)
  2 centaurs (D:7)
  A phantom (D:5)
  A necrophage (D:5)
  2 scorpions
  3 wights (D:7)
  A howler monkey (D:6)
  3 jellies
  2 hounds
  5 orc priests
  2 iguanas
  4 orc wizards
  Robin (D:4)
  7 adders
  2 shadow imps
  A white imp (D:8)
  2 ufetubi (D:7)
  2 worms
  3 dart slugs
  39 orcs
  9 ball pythons
  5 endoplasms
  5 giant cockroaches
  15 goblins
  10 hobgoblins
  2 jackals (D:5)
  3 quokkas
  2 bats (D:3)
  9 frilled lizards
  7 kobolds
  21 rats
187 creatures vanquished.

Notes
Turn   | Place    | Note
-------+----------+-------------------------------------------
     0 | D:5      | Ajdolov the Troll Delver began the quest for the Orb.
     0 | D:5      | Reached XP level 1. HP: 22/22 MP: 0/0
    47 | D:5      | Reached XP level 2. HP: 17/29 MP: 1/1
    62 | D:5      | Noticed a black bear
    75 | D:5      | Killed a black bear
    76 | D:5      | Reached skill level 4 in Unarmed Combat
    76 | D:5      | Reached XP level 3. HP: 26/37 MP: 2/2
    76 | D:5      | Reached XP level 4. HP: 32/45 MP: 3/3
   194 | D:5      | Found Joih's Antique Weapon Emporium.
   279 | D:5      | Reached XP level 5. HP: 44/53 MP: 4/4
   289 | D:5      | Noticed a phantom
   331 | D:5      | Killed a phantom
   438 | D:5      | Reached skill level 5 in Unarmed Combat
   467 | D:5      | Found a snail-covered altar of Cheibriados.
   491 | D:5      | Reached XP level 6. HP: 40/62 MP: 5/5
   542 | D:5      | Found Qirafa's Jewellery Shop.
   753 | D:5      | Reached skill level 6 in Unarmed Combat
   976 | D:5      | Identified the +1 cloak of the Nightingale {Rampage Str+2}
  1250 | D:5      | Found Ceischotag's Jewellery Shop.
  1476 | D:4      | Noticed Robin
  1543 | D:4      | Killed Robin
  1633 | D:4      | Found an iron altar of Okawaru.
  1723 | D:4      | Reached XP level 7. HP: 70/70 MP: 6/6
  1729 | D:4      | Found an opulent altar of Gozag.
  2184 | D:6      | Reached skill level 7 in Unarmed Combat
  2531 | D:6      | Found an ornate altar of the Wu Jian Council.
  2865 | D:7      | Found a staircase to the Ecumenical Temple.
  2873 | Temple   | Entered the Ecumenical Temple
  3105 | D:7      | Reached skill level 5 in Fighting
  3124 | D:7      | Found a basalt altar of Yredelemnul.
  3130 | D:7      | Found a white marble altar of Elyvilon.
  3132 | D:7      | Found a burning altar of Makhleb.
  3137 | D:7      | Reached XP level 8. HP: 77/80 MP: 7/7
  3137 | D:7      | Found a sacrificial altar of Ru.
  3143 | D:7      | Reached skill level 8 in Unarmed Combat
  3148 | D:7      | Found a hide-covered altar of Uskayaw.
  3150 | D:7      | Became a worshipper of Ru the Awakened
  3785 | D:3      | Found a shimmering blue altar of Sif Muna.
  3857 | D:3      | Reached skill level 9 in Unarmed Combat
  4078 | D:2      | Gained mutation: You are hated by all. [Ru sacrifice]
  4078 | D:2      | Reached * piety under Ru
  4078 | D:2      | Reached ** piety under Ru
  5545 | D:7      | Reached XP level 9. HP: 89/89 MP: 8/8
  5565 | D:7      | Reached skill level 10 in Unarmed Combat
  5843 | D:7      | Found an ancient bone altar of Kikubaaqudgha.
  5888 | D:7      | Noticed Joseph
  5899 | D:7      | Killed Joseph
  5900 | D:7      | Reached skill level 11 in Unarmed Combat
  6265 | D:8      | Noticed Erica
  6284 | D:8      | HP: 3/93 [something (5)]
  6286 | D:8      | Gained mutation: Your mind is acute. (Int +2) [potion of
                  | mutation]
  6287 | D:8      | HP: 1/139 [something (8)]
  6287 | D:8      | Slain by Erica

Illustrated notes

Levels and vault maps discovered:
D:1:      noname_arrival_rooms_in_the_neighbourhood, layout_loops_ring
D:2:      layout_basic, kennysheep_decorative_pillar, dk_noncrumbling_3,
          minivault_19
D:3:      layout_basic, lemuel_crystal_altar
D:4:      layout_rooms, okawaru_ov_weapons_minmay,
          mainiacjoe_overflow_cross_hatched, minmay_rat_hole, uniq_robin
D:5:      layout_basic, slow_altar_1, serial_shops, nicolae_shop_trees, shop,
          nicolae_shop_behind_doors
D:6:      layout_loops_cross, lemuel_round_altar, kennysheep_generic_room_8
D:7:      layout_loops_cross, grunt_temple_overflow_growth_and_decay,
          nicolae_overflow_hallway_of_the_gods,
          minmay_temple_entry_statues_fountains, uniq_joseph
D:8:      layout_gridville, enter_ossuary_5, uniq_erica, uniq_psyche
Temple:   jpeg_temple_island

Skill      XL: |  1  2  3  4  5  6  7  8  9 |
---------------+----------------------------+-----
Fighting       | 3 4 5 6 7 |  7.2
Unarmed Combat | 4 5 6 7 9 11 | 11.4
Dodging        | |  1.5
Stealth        | |  2.7

Action                   |  1- 3 |  4- 6 |  7- 9 || total
-------------------------+-------+-------+-------++-------
Melee: Unarmed           |    24 |   120 |   330 ||   474
       Punch             |     1 |     4 |    11 ||    16
Throw: Dart              |       |       |     1 ||     1
Invok: Sacrifice Love    |       |       |     1 ||     1
       Reject Sacrifices |       |       |     1 ||     1
  Use: Potion            |       |       |     2 ||     2
 Stab: Sleeping          |       |     3 |    18 ||    21
Armor: Robe              |     4 |    23 |    91 ||   118
Dodge: Dodged            |    11 |    40 |    74 ||   125

Table legend: (Time is in decaauts)
 A = Elapsed time spent in this place.
 B = Non-inter-level travel time spent in this place.
 C = Inter-level travel time spent in this place.
 D = Time resting spent in this place.
 E = Time spent auto-exploring this place.
 F = Levels seen in this place.
 G = Mean time per level.
                   A        B        C        D        E       F      G
               +--------+--------+--------+--------+--------+-----+--------+
         Total |   6266 |   5731 |    535 |     65 |   4449 |   9 |  696.2 |
       Dungeon |   6022 |   5495 |    527 |     65 |   4230 |   8 |  752.8 |
        Temple |    243 |    235 |      8 |      0 |    219 |   1 |  243.0 |
               +--------+--------+--------+--------+--------+-----+--------+

Top non-repeatable levels by time:
     D:5: 1623 daAuts
     D:7: 907 daAuts
     D:6: 791 daAuts
     D:2: 733 daAuts
     D:1: 679 daAuts
     D:3: 583 daAuts
     D:4: 541 daAuts
  Temple: 243 daAuts
     D:8: 163 daAuts
